 Dungeon Crawl Stone Soup version 0.20-a0-984-ge8aa303 (webtiles) character file.

1366 dvd the Archer (level 8, -5/67 HPs)
             Began as a Centaur Hunter on Apr 10, 2017.
             Slain by a gnoll
             ... wielding a +0 club
              (6 damage)
             ... on level 6 of the Dungeon.
             The game lasted 00:15:59 (6187 turns).

dvd the Archer (Centaur Hunter)                     Turns: 6187, Time: 00:15:59

Health: -5/67      AC:  4    Str: 21    XL:     8   Next: 38%
Magic:  8/8        EV:  5    Int: 10    God:
Gold:   330        SH:  0    Dex: 11    Spells: 7/7 levels left

rFire    . . .     SeeInvis .   b - +1 short sword (venom)
rCold    . . .     Gourm    .   (no shield)
rNeg     . . .     Faith    .   t - +0 robe {MR+}
rPois    .         Spirit   .   (no helmet)
rElec    .         Reflect  .   (no cloak)
rCorr    .         Harm     .   (no gloves)
MR       +....                  (no barding)
Stlth    +.........             (no amulet)
Regen    0.3/turn               (no ring)
MPRegen  0.2/turn               (no ring)

@: mighty, held, very quick
A: hooves 3, deformed body, speed 2, tough skin 3
a: no special abilities


You were on level 6 of the Dungeon.
You were not hungry.

You visited 2 branches of the dungeon, and saw 7 of its levels.

You collected 330 gold pieces.

Inventory:

Hand Weapons
 a - a +1 shortbow
 b - a +1 short sword of venom (weapon)
 h - a +0 halberd
 i - a +0 short sword
 k - a +2 dagger of protection
 q - a +0 falchion
Missiles
 x - 4 tomahawks of returning (quivered)
 y - 3 tomahawks
Armour
 t - a +0 robe of magic resistance (worn)
Scrolls
 e - 5 scrolls of remove curse {unknown}
 g - 8 scrolls of identify {unknown}
 j - a scroll of teleportation {unknown}
 l - 2 scrolls of magic mapping {unknown}
 m - a scroll of recharging {unknown}
 r - a scroll of amnesia {unknown}
 D - a scroll of random uselessness {unknown}
 F - a scroll of blinking {unknown}
 I - 3 scrolls of holy word {unknown}
Potions
 c - a potion of lignification {unknown}
 n - a potion of heal wounds {unknown}
 o - 2 potions of might
 p - 3 potions of curing {unknown}
 s - a potion of flight {unknown}
 v - a potion of agility {unknown}
 w - a potion of mutation {unknown}
 A - a potion of ambrosia {unknown}
 C - a potion of magic {unknown}
 H - a potion of haste {unknown}
Books
 G - a book of Geomancy

   Spells                             Type                      Level
   a - Sandblast                      Earth                        1
   b - Passwall                       Transmutation/Earth          2
   c - Stone Arrow                    Conjuration/Earth            3
   d - Petrify                        Transmutation/Earth          4
   e - Lee's Rapid Deconstruction     Earth                        5
Comestibles
 f - 3 bread rations
 u - 3 meat rations
 z - a royal jelly
 B - 2 fruits
 E - 5 chunks of flesh


   Skills:
 + Level 4.7 Fighting
 + Level 3.2 Short Blades
 + Level 10.8 Bows
 + Level 1.2 Throwing
 + Level 1.2 Armour
 + Level 2.6 Dodging
 + Level 0.8 Stealth


You had 7 spell levels left.
You didn't know any spells.

Dungeon Overview and Level Annotations

Branches:
Dungeon (6/15)             Temple (1/1) D:5

Altars:
Cheibriados
Dithmenos
Hepliaklqana
Kikubaaqudgha
Makhleb
Nemelex Xobeh
Ru
Trog
Uskayaw
Wu Jian
Xom
Yredelemnul
Zin
The Shining One

Shops:
D:4 [


Innate Abilities, Weirdness & Mutations

You have hooves in place of feet.
Armour fits poorly on your strangely shaped body.
You cover ground very quickly.
You have extremely tough skin. (AC +3)


Message History

You shred the net and break free! The gnoll barely misses you. x2
The gnoll throws a throwing net.
The throwing net hits you.
You become entangled in the net!
You see here a throwing net.
You tear a large gash into the net.
The gnoll hits you from afar with a spear.
You struggle against the net.
The gnoll hits you with a club.
* * * LOW HITPOINT WARNING * * *
The gnoll hits you from afar with a spear.
* * * LOW HITPOINT WARNING * * *
Unknown command.
You struggle against the net.
The gnoll hits you with a club!
* * * LOW HITPOINT WARNING * * *
The gnoll hits you from afar with a spear.
* * * LOW HITPOINT WARNING * * *
Unknown command.
It was a potion of might.
You feel very mighty all of a sudden. The gnoll hits you but does no damage.
The gnoll hits you with a club.
You die...

#........#...#.....#
#........#...#.(...#
#........#...#.....#
#........# #.....#
#........# #.....#
########'##...## ###.....#
#.........#######........#
#.........#.....+........#
#........@'.....#........#
#........g#.....#........#
#.......g.#.....#........'
#.........#.....#........#
#.........##+####........#
#............ ............
#......$....).............
#..(......................
#..((.....................


You could see 2 gnolls.

Vanquished Creatures
  Sigmund (D:3)
  A water moccasin (D:5)
  An ice beast (D:5)
  2 phantoms
  An ogre (D:5)
  2 howler monkeys
  A crimson imp (D:5)
  A centaur zombie (D:5)
  2 hounds
  A jelly (D:5)
  An orc priest (D:6)
  3 orc wizards
  A bullfrog skeleton (D:4)
  A centaur skeleton (D:5)
  4 worker ants
  An iguana (D:6)
  8 adders
  4 gnolls
  An adder zombie (D:5)
  3 worms
  3 dart slugs
  5 leopard geckos
  14 orcs
  4 giant cockroaches
  10 goblins
  9 hobgoblins
  4 jackals (D:5)
  5 kobolds
  A quokka (D:4)
  2 ball pythons
  4 bats
  5 frilled lizards
  A giant cockroach zombie (D:5)
  A quokka zombie (D:5)
  5 rats
113 creatures vanquished.

Notes
Turn   | Place    | Note
-------+----------+-------------------------------------------
     0 | D:1      | dvd the Centaur Hunter began the quest for the Orb.
     0 | D:1      | Reached XP level 1. HP: 17/17 MP: 1/1
    80 | D:1      | Reached XP level 2. HP: 24/24 MP: 2/2
    81 | D:1      | Reached skill level 6 in Bows
   335 | D:1      | Reached XP level 3. HP: 28/29 MP: 3/3
  1263 | D:2      | Reached skill level 7 in Bows
  1377 | D:2      | Reached XP level 4. HP: 34/36 MP: 4/4
  2586 | D:3      | Noticed Sigmund
  2606 | D:3      | Killed Sigmund
  2606 | D:3      | Reached skill level 1 in Short Blades
  2606 | D:3      | Reached skill level 8 in Bows
  2606 | D:3      | Reached skill level 1 in Armour
  2606 | D:3      | Reached XP level 5. HP: 43/45 MP: 5/5
  2606 | D:3      | Reached XP level 6. HP: 49/51 MP: 6/6
  2750 | D:4      | Found Orchai's Antique Armour Emporium.
  2922 | D:4      | Found a glowing golden altar of the Shining One.
  3139 | D:4      | Reached skill level 9 in Bows
  3438 | D:4      | Reached XP level 7. HP: 56/57 MP: 7/7
  3550 | D:4      | Found a sparkling altar of Nemelex Xobeh.
  3647 | D:5      | Entered Level 5 of the Dungeon
  3765 | D:5      | Found a basalt altar of Yredelemnul.
  4442 | D:5      | Reached skill level 10 in Bows
  4611 | D:5      | Found a snail-covered altar of Cheibriados.
  4914 | D:5      | Reached XP level 8. HP: 62/66 MP: 8/8
  4949 | D:5      | Found a staircase to the Ecumenical Temple.
  4962 | Temple   | Entered the Ecumenical Temple
  5155 | D:5      | Found a sacrificial altar of Ru.
  5843 | D:6      | Reached skill level 1 in Throwing
  6186 | D:6      | HP: 1/67 [gnoll/spear (4)]
  6187 | D:6      | Slain by a gnoll

Vault maps used:
D:1:      onia_arrival_mini_spirals
D:2:      kennysheep_the_goblin_king, minmay_stone_trees_large
D:3:      uniq_sigmund
D:4:      kennysheep_mini, tso_altar, first_bread, serial_shops, shop
D:5:      lemuel_doored_altar, slow_altar_2, yredelemnul_altar_generic,
          minmay_temple_entry_nine_rooms
Temple:   jpeg_temple_island

Skill      XL: |  1  2  3  4  5  6  7  8 |
---------------+-------------------------+-----
Bows           | 6 7 8 9 10 | 10.8
Fighting       | 3 4 |  4.7
Short Blades   | 1 2 3 |  3.2
Armour         | 1 |  1.2
Dodging        | 2 |  2.6
Throwing       | 1 |  1.2
Stealth        | |  0.8

Action                   |  1- 3 |  4- 6 |  7- 9 || total
-------------------------+-------+-------+-------++-------
Melee: Short sword       |    27 |    17 |    88 ||   132
       Kick              |     4 |    11 |    31 ||    46
       Dagger            |       |    17 |    50 ||    67
 Fire: Shortbow          |    63 |   112 |   104 ||   279
Throw: Tomahawk          |       |       |     9 ||     9
  Use: Potion            |       |       |     1 ||     1
  Eat: Chunk             |       |     5 |     7 ||    12
Armor: Leather armour    |    11 |     6 |       ||    17
       Robe              |       |     9 |    38 ||    47
Dodge: Dodged            |    10 |    19 |    71 ||   100
